 Dungeon Crawl Stone Soup version 0.30-a0-359-gd0147acb1a (webtiles) character file.

Game seed: 15478410039027771122

25 mcwallace the Gusty (level 3, 0/33 HPs)
             Began as an Ogre Air Elementalist on Nov 12, 2022.
             Slain by a gnoll
             ... wielding a +1 halberd of freezing
              (5 damage)
             ... on level 2 of the Dungeon.
             The game lasted 00:01:54 (1040 turns).

mcwallace the Gusty (Ogre Air Elementalist)         Turns: 1040, Time: 00:01:54

Health: 0/33       AC:  3    Str: 12    XL:     3   Next: 4%
Magic:  1/7        EV: 10    Int: 18    God:
Gold:   100        SH:  0    Dex:  9    Spells: 6/7 levels left

rFire   . . .      SeeInvis .    k - +3 spear {polearm}
rCold   . . .      Faith    .    (no shield)
rNeg    . . .      Spirit   .    a - +0 robe
rPois   .          Reflect  .    (helmet restricted)
rElec   .          Harm     .    (no cloak)
rCorr   .          Rampage  .    (gloves unavailable)
Will    .....                    (boots unavailable)
Stlth   +.........               (no amulet)
HPRegen 0.25/turn                (no ring)
MPRegen 0.10/turn                (no ring)

@: no status effects
A: large, unfitting armour, tough skin 1
a: no special abilities


You were on level 2 of the Dungeon.
You visited 1 branch of the dungeon, and saw 2 of its levels.

You collected 100 gold pieces.


Innate Abilities, Weirdness & Mutations

You are too large for most types of armour.
You have tough skin. (AC +1)


   Skills:
 + Level 1.3 Fighting
 + Level 2.1 Dodging
 - Level 1.4 Stealth
 + Level 2.7 Spellcasting
 + Level 1.3 Conjurations
 + Level 2.9 Air Magic


You had 6 spell levels left.
You knew the following spells:

 Your Spells              Type           Power      Damage    Failure   Level
a - Shock                 Conj/Air       40%        1d5       7%          1

Your spell library contained the following spells:

 Spells                   Type           Power      Damage    Failure   Level
 Static Discharge         Conj/Air       20%        2-3/arc   11%         2
 Swiftness                Air            13%        N/A       16%         3
 Airstrike                Air            6%         2d(1-17)  45%         4

Inventory:

Hand Weapons
 c - a +0 dagger {short}
   (You took it off a kobold on level 1 of the Dungeon)
 k - a +3 spear (weapon) {polearm}
   (You found it on level 1 of the Dungeon)
Missiles
 e - 8 stones {throwing}
Armour
 a - a +0 robe (worn)
Jewellery
 o - an amulet of reflection
   (You found it on level 2 of the Dungeon)
 q - a ring of protection from cold
   (You found it on level 2 of the Dungeon)
Scrolls
 g - a scroll of poison {unknown}
 i - a scroll of fear {unknown}
 j - a scroll of enchant armour {unknown}
 l - a scroll of vulnerability {unknown}
 p - a scroll of identify {unknown}
Potions
 b - a potion of magic
 d - a potion of lignification {unknown}
 f - a potion of invisibility {unknown}
 h - a potion of mutation {unknown}
 m - a potion of berserk rage {unknown}
 n - 2 potions of heal wounds {unknown}

Dungeon Overview and Level Annotations

Branches:
Dungeon (2/15) Zot: 10956

Altars:

#.. #.. ###. .# #.. ######## #...
.# #.# #......# #.#.##.# #..
#.####.# #.#....####+####.#
###.####.##### #g#..............#
..#.##.......# #.##...#..<......#
#.#.##.#.###.###@gg.........#..##
.........##.#.#####..##....##..##
#.#........###.## #..##..........
#.#..#.##.## ##.# #...........###
#.)....##..###.## ####...###### #
###..####.#.#.## #...# ###
###..#.......## #...# #..
..........#.#.########...######.#
#..........###..##...........##.#


You could see 3 gnolls.


Message History

Key pressed, stopping explore.
Found a stone staircase leading down.
Found a stone staircase leading down.
You see here a +0 mace {mace}.
q - a ring of protection from cold You now have 100 gold pieces (gained 12).
Key pressed, stopping explore.
Key pressed, stopping explore.
Key pressed, stopping explore.
No target in view!
No target in view!
You see here a +0 chain mail.
A gnoll comes into view. It is wielding a +0 spear.
A gnoll is nearby!
A gnoll is nearby!
A gnoll is nearby!
A gnoll is nearby!
The gnoll shouts!
You hear a shout!
A gnoll comes into view.
It is wielding a +1 halberd of freezing.
You hear a shout!
Aiming: Shock (safe; 9% risk of failure)
Press: ? - help, Q - select action, (/) - cycle Shift-Dir - straight line, f - gnoll
Aim: a gnoll, wielding a +0 spear (72% to hit)
The zap misses the gnoll. 😎 MP[-1]
You lost 1 mp, and now have 4/5 mp.
Aiming: Shock (safe; 9% risk of failure)
Press: ? - help, Q - select action, (/) - cycle Shift-Dir - straight line, f/p - gnoll
Aim: a gnoll, wielding a +0 spear (72% to hit)
The zap hits the gnoll. 😎 MP[-1]
You lost 1 mp, and now have 3/5 mp.
Aiming: Shock (safe; 9% risk of failure)
Press: ? - help, Q - select action, (/) - cycle Shift-Dir - straight line, f/p - gnoll
Aim: a gnoll, wielding a +0 spear (moderately wounded, 72% to hit)
The zap hits the gnoll. x2 😎 MP[-1]
You lost 1 mp, and now have 2/5 mp.
The gnoll closely misses you. The gnoll hits you but does no damage.
Aiming: Shock (safe; 9% risk of failure)
Press: ? - help, Q - select action, (/) - cycle Shift-Dir - straight line, f/p - gnoll
Aim: a gnoll, wielding a +0 spear (severely wounded, 72% to hit)
The zap misses the gnoll.
A gnoll comes into view. It is wielding a +0 flail.
The gnoll barely misses you. 😎 MP[-1]
You lost 1 mp, and now have 1/5 mp.
Aiming: Shock (safe; 9% risk of failure)
Press: ? - help, Q - select action, (/) - cycle Shift-Dir - straight line, f/p - gnoll
Aim: a gnoll, wielding a +0 spear (severely wounded, 72% to hit)
The zap hits the gnoll.
The zap hits the gnoll but does no damage.
The gnoll shouts!
You hear a shout!
A gnoll comes into view. It is wielding a +0 whip.
The gnoll hits you from afar with a +0 spear. 😕 HP[-4] MP[-1]
You take 4 damage, and now have 23/27 hp.
You lost 1 mp, and now have 0/5 mp.
You don't have enough magic to cast this spell.
You don't have enough magic to cast this spell.
Reach: k) +3 spear {polearm}
Press: ? - help, Dir - move target, f/p - gnoll
Aim: a gnoll, wielding a +0 spear (severely wounded, about 36% to evade your +3 spear)
You reach to attack!
You hit the gnoll.
The gnoll hits you from afar with a +0 spear. 😮 HP[-4]
You take 4 damage, and now have 19/27 hp.
Reach: k) +3 spear {polearm}
Press: ? - help, Dir - move target, f/p - gnoll
Aim: a gnoll, wielding a +0 spear (almost dead, about 36% to evade your +3 spear)
You reach to attack!
You hit the gnoll.
You kill the gnoll!
You have reached level 3!
Your experience leads to an increase in your attributes!
Increase (S)trength, (I)ntelligence, or (D)exterity?
You feel clever. x2; You feel stronger. 😮 HP[+4]
You now have 33 max hp (+6).
You regained 4 hp, and now have 23/33 hp.
Reach: k) +3 spear {polearm}
Press: ? - help, Dir - move target, f - gnoll
Aim: a gnoll, wielding a +1 halberd of freezing (heavily wounded, about 36% to evade your +3 spear)
You reach to attack!
You hit the gnoll.
The gnoll hits you from afar with a +1 halberd of freezing!
* * * LOW HITPOINT WARNING * * *
The gnoll freezes you.
* * * LOW HITPOINT WARNING * * *
😨 HP[-8] MP[+1]
You take 8 damage, and now have 15/33 hp.
MASSIVE DAMAGE!! (PAUSE) Reach: k) +3 spear {polearm}
Press: ? - help, Dir - move target, f/p - gnoll
Aim: a gnoll, wielding a +1 halberd of freezing (almost dead, about 36% to evade your +3 spear)
You reach to attack!
You completely miss the gnoll.
The gnoll hits you from afar with a +1 halberd of freezing!
* * * LOW HITPOINT WARNING * * *
The gnoll freezes you.
You die...

Skill      XL: |  1  2 |
---------------+-------+-----
Conjurations   | 1 |  1.3
Fighting       | 1 |  1.3
Dodging        | 2 |  2.1
Stealth        | |  1.4
Spellcasting   | |  2.7
Air Magic      | |  2.9

Action                   || total
-------------------------++-------
Melee: Unarmed           ||    11
       Dagger            ||    13
       Punch             ||     1
       Spear             ||     6
 Cast: Shock             ||    25
 Stab: Sleeping          ||     1
Armor: Robe              ||     9
Dodge: Dodged            ||    15

Levels and vault maps discovered:
D:1:      spicycebolla_arrival_xxxplode, layout_rooms, hex_medium,
          corexii_hall_statues_x, minmay_distorted
D:2:      layout_loops_cross, hellmonk_ecumenical_altar_inner_sanctum,
          minmay_misc_feat_rows

Notes
Turn   | Place    | Note
-------+----------+-------------------------------------------
     0 | D:1      | mcwallace the Ogre Air Elementalist began the quest for the
                  | Orb.
     0 | D:1      | Reached XP level 1. HP: 16/16 MP: 3/3
     0 | D:1      | magus.rc [v1.9.6]
    61 | D:1      | Reached skill level 1 in Conjurations
   196 | D:1      | Reached XP level 2. HP: 26/26 MP: 3/5
   354 | D:1      | Reached skill level 1 in Fighting
   354 | D:1      | Reached skill level 2 in Dodging
  1039 | D:2      | Reached XP level 3. HP: 23/33 MP: 0/7
  1040 | D:2      | HP: 5/33 [gnoll/+1 halberd of freezing (10)]
  1040 | D:2      | Slain by a gnoll

Vanquished Creatures
  A gnoll (D:2)
  An endoplasm (D:1)
  4 giant cockroaches (D:1)
  A hobgoblin (D:1)
  3 ball pythons (D:1)
  2 bats (D:2)
  A frilled lizard (D:1)
  A kobold (D:1)
  A rat (D:1)
15 creatures vanquished.

Table legend:
 A = Non-vault XP
 B = Vault XP
 C = Vault XP percentage of total XP
 D = Non-vault monster count
 E = Vault monster count
 F = Vault count percentage of total count
                 A         B        C        D         E       F
            +---------+---------+-------+---------+---------+-------
      Total |      36 |       0 |   0.0 |      15 |       0 |   0.0
            +---------+---------+-------+---------+---------+-------
        D:1 |      20 |       0 |   0.0 |      12 |       0 |   0.0
        D:2 |      16 |       0 |   0.0 |       3 |       0 |   0.0
            +---------+---------+-------+---------+---------+-------

Illustrated notes

Table legend:
 A = Kills in this place as a percentage of kills in entire the game.
 B = Kills by you in this place as a percentage of kills by you in the entire game.
 C = Kills by friends in this place as a percentage of kills by friends in the entire game.
 D = Other kills in this place as a percentage of other kills in the entire game.
 E = Experience gained in this place as a percentage of experience gained in the entire game.
 F = Experience gained in this place divided by the number of levels of this place that you have seen.
                   A       B       C       D       E      F
               +-------+-------+-------+-------+-------+----------------------
         Total | 100.0 | 100.0 |   N/A |   N/A | 100.0 |  18.0
       Dungeon | 100.0 | 100.0 |   N/A |   N/A | 100.0 |  18.0
               +-------+-------+-------+-------+-------+----------------------

Table legend: (Time is in decaauts)
 A = Elapsed time spent in this place.
 B = Non-inter-level travel time spent in this place.
 C = Inter-level travel time spent in this place.
 D = Time resting spent in this place.
 E = Time spent auto-exploring this place.
 F = Levels seen in this place.
 G = Mean time per level.
                   A        B        C        D        E       F      G
               +--------+--------+--------+--------+--------+-----+--------+
         Total |   1042 |   1004 |     38 |      0 |    868 |   2 |  521.0 |
       Dungeon |   1042 |   1004 |     38 |      0 |    868 |   2 |  521.0 |
               +--------+--------+--------+--------+--------+-----+--------+

Top non-repeatable levels by time:
     D:1: 768 daAuts
     D:2: 274 daAuts
